 Dungeon Crawl Stone Soup version 0.18.1-48-g4cf74bf (webtiles) character file.

135 4thArraOfDagon the Skirmisher (level 4, 0/38 HPs)
             Began as a Demonspawn Summoner on Aug 3, 2016.
             Slain by a killer bee (4 damage)
             ... on level 4 of the Dungeon.
             The game lasted 00:05:58 (1111 turns).

4thArraOfDagon the Skirmisher (Demonspawn Summoner) Turns: 1111, Time: 00:05:59

Health: 0/38       AC:  6    Str: 13    XL:     4   Next: 96%
Magic:  7/7        EV: 11    Int: 18    God:
Gold:   66         SH:  0    Dex: 13    Spells: 1 memorised, 6 levels left

rFire  . . .     SeeInvis .     d - +0 spear
rCold  . . .     Gourm    .     a - +0 robe
rNeg   . . .     Faith    .     (no shield)
rPois  .         Spirit   .     (no helmet)
rElec  .         Dismiss  .     e - +0 cloak
rCorr  .         Reflect  .     (no gloves)
SustAt .         Harm     .     (no boots)
MR     .....                    h - amulet of magic regeneration
Stlth  ++........               (no ring)
                                (no ring)

@: mighty, lethally poisoned (0 -> -10), exhausted, slowed, very slow, not
resistant to hostile enchantments, unstealthy
A: icy blue scales 2, spiny 1
a: no special abilities


You were on level 4 of the Dungeon.
You were not hungry.

You visited 1 branch of the dungeon, and saw 5 of its levels.

You collected 66 gold pieces.

Inventory:

Hand Weapons
 d - a +0 spear (weapon)
Armour
 a - a +0 robe (worn)
 e - a +0 cloak (worn)
Jewellery
 h - an amulet of magic regeneration (around neck)
 o - an uncursed amulet of the gourmand
Scrolls
 f - a scroll of remove curse {unknown}
 g - 3 scrolls of identify {unknown}
 m - a scroll of recharging {unknown}
Potions
 i - 2 potions of curing
Books
 b - a book of Callings

   Spells                             Type                      Level
   a - Summon Small Mammal            Summoning                    1
   b - Call Imp                       Summoning                    2
   c - Call Canine Familiar           Summoning                    3
   d - Summon Guardian Golem          Hexes/Summoning              3
   e - Summon Lightning Spire         Summoning/Air                4
   f - Summon Ice Beast               Ice/Summoning                4
Comestibles
 c - a bread ration
 j - a slice of pizza
 k - 2 chunks of flesh
 n - a meat ration


   Skills:
 + Level 4.6 Fighting
 - Level 1.7 Dodging
 - Level 1.7 Stealth
 - Level 2.0 Spellcasting
 - Level 4.0 Summonings


You had 6 spell levels left.
You knew the following spells:

 Your Spells              Type           Power        Failure   Level  Hunger
a - Summon Small Mammal   Summ           ###.         3%          1    #......


Dungeon Overview and Level Annotations

Branches:
Dungeon (5/15)
 Temple: D:4-7

Altars:

Annotations:
D:5 Dowan, Duvessa


Innate Abilities, Weirdness & Mutations

You are mostly covered in icy blue scales (AC +3, EV -1).
You are partially covered in sharp spines.


Message History

Your quokka misses the killer bee.
Unknown command.
Attack whom?
Press: ? - help, Dir - move target cursor, f/p - killer bee
Aim: a killer bee (almost dead)
You could not reach far enough!
* * * LOW HITPOINT WARNING * * *
You feel sick.
The killer bee barely misses your quokka.
The killer bee closely misses your quokka.
Your quokka closely misses the killer bee.
The killer bee stings your quokka!
Your quokka dies!
Your quokka's corpse disappears in a puff of smoke!
Unknown command.
You closely miss the killer bee.
The killer bee is almost dead.
* * * LOW HITPOINT WARNING * * *
You feel sick. The killer bee stings you.
You die...

#. #...# ###########
#.#..####.))......# .#
#.....##.........# .#
##....#....)....## ...
#..#...........### .
#S...........†......#
..#....##.#..[........#
#.### #...........##...
.. ###....y@...##.#.
#$.....(.......
#............##
..y...........#
##....$......##
#......%...##
#...#.....#.#
#.#.#.#####.# #.# #. #


You could see 2 killer bees.

Vanquished Creatures
  2 gnolls
  6 adders
  A worm (D:2)
  A giant gecko (D:4)
  3 orcs (D:3)
  3 bats
  A giant cockroach (D:2)
  3 goblins
  A hobgoblin (D:3)
  3 jackals (D:3)
  2 kobolds
  2 quokkas
  A giant gecko skeleton (D:4)
  A giant newt (D:1)
  3 rats
33 creatures vanquished.

Vanquished Creatures (collateral kills)
  4 gnolls
  2 adders (D:3)
  A worm (D:2)
  A giant gecko (D:3)
  A jackal (D:3)
9 creatures vanquished.

Grand Total: 42 creatures vanquished

Notes
Turn   | Place    | Note
--------------------------------------------------------------
     0 | D:1      | 4thArraOfDagon the Demonspawn Summoner began the quest for the Orb.
     0 | D:1      | Reached XP level 1. HP: 13/13 MP: 3/3
    98 | D:2      | Reached skill level 1 in Fighting
   209 | D:2      | Gained mutation: You are partially covered in icy blue scales (AC +1). [demonic ancestry]
   209 | D:2      | Reached XP level 2. HP: 6/22 MP: 5/5
   530 | D:3      | Gained mutation: You are mostly covered in icy blue scales (AC +3, EV -1). [demonic ancestry]
   530 | D:3      | Reached XP level 3. HP: 23/28 MP: 6/6
   692 | D:3      | Gained mutation: You are partially covered in sharp spines. [demonic ancestry]
   692 | D:3      | Reached XP level 4. HP: 21/37 MP: 5/7
  1006 | D:2      | You fall through a shaft for 2 floors!
  1026 | D:4      | Noticed an ogre
  1041 | D:5      | Entered Level 5 of the Dungeon
  1041 | D:5      | Noticed Duvessa
  1057 | D:5      | Noticed Dowan
  1091 | D:4      | Torious: Su!
  1111 | D:4      | Slain by a killer bee

Skill      XL: |  1  2  3  4 |
---------------+-------------+-----
Fighting       | 1 2 3 4 |  4.6
Dodging        | |  1.7
Stealth        | |  1.7
Spellcasting   | |  2.0
Summonings     | |  4.0

Action                   |  1- 3 |  4- 6 || total
-------------------------+-------+-------++-------
Melee: Spear             |    85 |    33 ||   118
 Cast: Summon Small Mamm |    32 |    16 ||    48
  Use: Potion            |     1 |     2 ||     3
 Stab: Sleeping          |     1 |       ||     1
       Distracted        |     1 |     1 ||     2
  Eat: Chunk             |       |     2 ||     2
Armor: Robe              |    13 |     2 ||    15
Dodge: Dodged            |    30 |     8 ||    38
